 Dungeon Crawl Stone Soup version 0.20-a0-1058-g0491fde (webtiles) character file.

58 JeffiDaFish the Grave Robber (level 3, -7/24 HPs)
             Began as a Mummy Necromancer on Apr 26, 2017.
             Mangled by an orc
             ... wielding a +0 trident
              (11 damage)
             ... on level 3 of the Dungeon.
             The game lasted 00:09:50 (2469 turns).

JeffiDaFish the Grave Robber (Mummy Necromancer)    Turns: 2469, Time: 00:09:50

Health: -7/24      AC:  3    Str: 11    XL:     3   Next: 76%
Magic:  2/7        EV: 11    Int: 14    God:
Gold:   142        SH:  4    Dex: 13    Spells: 3/8 levels left

rFire    x . .     SeeInvis .   c - +1 spear
rCold    + . .     Gourm    .   a - +0 buckler
rNeg     + + +     Faith    .   e - +0 leather armour
rPois    ∞         Spirit   .   (no helmet)
rElec    .         Reflect  .   (no cloak)
rCorr    .         Harm     .   (no gloves)
MR       .....                  (no boots)
Stlth    +++.......             (no amulet)
Regen    0.1/turn               d - ring of stealth
MPRegen  0.1/turn               (no ring)

@: no status effects
A: no food or potions, fire vulnerability, cold resistance 1, negative energy
resistance 3, torment resistance, unbreathing
a: no special abilities


You were on level 3 of the Dungeon.
You were not hungry.

You visited 1 branch of the dungeon, and saw 3 of its levels.

You collected 142 gold pieces.

Inventory:

Hand Weapons
 c - a +1 spear (weapon)
 k - a +1 dagger of speed
Missiles
 f - 11 poisoned needles
 j - 4 needles of confusion (quivered)
Armour
 a - a +0 buckler (worn)
 e - a +0 leather armour (worn)
Jewellery
 d - a ring of stealth (left hand)
Scrolls
 g - a scroll of remove curse
 h - a scroll of teleportation
 i - a scroll of identify
Books
 b - a book of Necromancy

   Spells                             Type                      Level
   a - Pain                           Necromancy                   1
   b - Animate Skeleton               Necromancy                   1
   c - Vampiric Draining              Necromancy                   3
   d - Regeneration                   Charms/Necromancy            3
   e - Animate Dead                   Necromancy                   4
   f - Control Undead                 Necromancy                   4


   Skills:
 - Level 1.5 Dodging
 - Level 1.6 Stealth
 * Level 1.2 Shields
 + Level 3.4 Spellcasting
 + Level 4.7 Necromancy


You had 3 spell levels left.
You knew the following spells:

 Your Spells              Type           Power        Failure   Level  Hunger
a - Pain                  Necr           ###.         5%          1    N/A
b - Animate Skeleton      Necr           N/A          5%          1    N/A
c - Vampiric Draining     Necr           ###.......   17%         3    N/A

Dungeon Overview and Level Annotations

Branches:
Dungeon (3/15)

Altars:


Innate Abilities, Weirdness & Mutations

You do not eat or drink.
Your flesh is vulnerable to fire.
You are immune to poison.
Your flesh is cold resistant. (rC+)
You are immune to negative energy. (rN+++)
You are immune to unholy pain and torment.
You can survive without breathing.


Message History

Casting: Vampiric Draining
Confirm with . or Enter, or press ? or * to list all spells.
You don't have enough magic to cast that spell.
You closely miss the orc.
The orc is severely wounded.
The orc hits you with a mace.
* * * LOW HITPOINT WARNING * * *
Casting: Vampiric Draining
Confirm with . or Enter, or press ? or * to list all spells.
Aiming: Vampiric Draining
Press: ? - help, Shift-Dir - straight line, f - orc
Aim: an orc, wielding a mace and wearing a leather armour (severely wounded)
You kill the orc!
You feel life coursing into your body.
A quokka comes into view.
The orc barely misses you. The orc hits you with a trident.
* * * LOW HITPOINT WARNING * * *
The orc hits you from afar with a trident!
You die...

#####.#########o#
#.# #.#
#..########.#
##.....r....#
.###≈###..##
.#.#≈#.#.oo#
##.#≈#.###o#
...#≈#.....#
##.#≈#.###@#
#.#≈#.#...#
###≈###.... ...
....##. ... #####
.# .## #


You could see 3 orcs.

Vanquished Creatures
  2 worms
  A leopard gecko (D:1)
  2 orcs (D:3)
  3 giant cockroaches
  10 goblins
  6 hobgoblins
  A ball python (D:1)
  4 bats
  5 frilled lizards
  8 kobolds
  4 rats (D:1)
  A bush (D:2)
47 creatures vanquished.

Vanquished Creatures (collateral kills)
  A dart slug (D:1)
1 creature vanquished.

Grand Total: 48 creatures vanquished

Notes
Turn   | Place    | Note
-------+----------+-------------------------------------------
     0 | D:1      | JeffiDaFish the Mummy Necromancer began the quest for the Orb.
     0 | D:1      | Reached XP level 1. HP: 13/13 MP: 4/4
    54 | D:1      | Learned a level 1 spell: Animate Skeleton
   456 | D:1      | Reached XP level 2. HP: 12/19 MP: 0/5
  1191 | D:2      | Reached XP level 3. HP: 23/24 MP: 7/7
  1712 | D:2      | Reached skill level 1 in Shields
  1718 | D:2      | Learned a level 3 spell: Vampiric Draining
  2469 | D:3      | Mangled by an orc

Vault maps used:
D:1:      grunt_arrival_crossed_arrows
D:2:      serial_forest, infiniplex_forest_lined_3_way,
          infiniplex_forest_corner_2, infiniplex_forest_clump_small,
          infiniplex_forest_corner_1, infiniplex_forest_lined_1,
          infiniplex_forest_lined_4_way, infiniplex_forest_clump_diagonal,
          infiniplex_forest_end_2
D:3:      grunt_gozag_statues, chequers_temple_overflow_statue_of_worship,
          first_bread, grunt_decor_cap, kennysheep_generic_room_12

Skill      XL: |  1  2  3 |
---------------+----------+-----
Spellcasting   | 3 |  3.4
Shields        | 1 |  1.2
Dodging        | |  1.5
Stealth        | |  1.6
Necromancy     | |  4.7

Action                   || total
-------------------------++-------
Melee: Spear             ||   217
       Unarmed           ||     6
 Cast: Pain              ||    61
       Animate Skeleton  ||    18
       Vampiric Draining ||     3
  Use: Scroll            ||     8
 Stab: Sleeping          ||     4
       Distracted        ||     1
Armor: Robe              ||    10
       Leather armour    ||    25
Dodge: Dodged            ||    64
Block: Buckler           ||    13
